Map: Defender's Landing LE

Players

Perpo

  • Race: Zerg Zerg
  • League: Gold
  • Spawn Location: 1:00

Juxtapose - Winner!

  • Race: Zerg Zerg
  • Spawn Location: 7:00

VOD

https://youtu.be/ogcIxpq2epo

Description

I am extremely proud of this match. My opponent, who's in Gold league, brings some quick Zerglings to my main.

The game gets pretty defensive after that.

Time

  • Played on: May 14, 2017, 11:11 a.m.
  • Length: 8:37
Show
View Real Time Build Order
Export as new Build Order

Perpo Zerg 

Build Orders: Pool First 

Get SALT Encoding   

  12  0:02  Drone  
  13  0:22  Spawning Pool  
  12  0:54  Hatchery  
  11  0:58  Overlord  
  11  1:10  Zergling x4  
  13  1:11  Zergling x2  
  13  1:17  Extractor  
  13  1:22  Zergling x2  
  14  1:32  Zergling x2  
  15  1:43  Zergling x2  
  17  1:54  Zergling x2  
  17  2:13  Baneling Nest, Drone  
  17  2:29  Drone x3  
  20  2:34  Drone  
  21  2:41  Drone  
  22  3:03  Metabolic Boost  
  22  3:08  Queen  
  22  3:12  Drone  
  25  3:16  Drone  
  25  3:19  Drone  
  26  3:46  Overlord  
  26  3:53  Overlord  
  26  4:04  Queen  
  26  4:06  Zergling x6  
  26  4:09  Zergling x4  
  35  4:12  Zergling x2  
  36  4:17  Drone  
  36  4:20  Zergling x2  
  36  4:32  Zergling x2  
  37  4:58  Zergling x8  
  41  5:02  Drone x2  
  43  5:19  Lair  
  43  5:23  Zergling x4  
  44  5:39  Overlord x4  
  44  5:50  Overlord x2  
  44  6:01  Zergling x6  
  47  6:05  Zergling x6  
  47  6:06  Zergling x6  
  47  6:10  Extractor  
  52  6:14  Drone x3  
  55  6:19  Drone  
  56  6:29  Extractor  
  56  6:30  Zergling x2  
  56  6:34  Zergling x4  
  56  6:37  Zergling x6  
  61  6:52  Zergling x4  
  61  6:53  Zergling x6  
  61  6:54  Baneling Nest  
  65  6:57  Zergling x2  
  65  6:58  Zergling x2  
  67  7:10  Zergling x2  
  68  7:31  Baneling  
  68  7:32  Baneling x6  
  68  7:33  Baneling x6  
  68  7:34  Baneling x4  
Show
View Real Time Build Order
Export as new Build Order

Juxtapose Zerg - Winner!

Build Orders: Pool First 

Get SALT Encoding   

  12  0:01  Drone  
  13  0:13  Overlord  
  13  0:23  Drone  
  14  0:33  Drone  
  15  0:40  Spawning Pool  
  15  0:42  Drone  
  15  0:49  Drone  
  16  0:52  Drone  
  18  0:57  Drone  
  18  1:02  Extractor  
  17  1:10  Drone  
  18  1:21  Overlord  
  18  1:26  Queen  
  18  1:31  Drone  
  21  1:41  Drone  
  22  1:48  Extractor  
  21  2:01  Drone  
  21  2:02  Spine Crawler  
  21  2:03  Zergling x2  
  22  2:13  Drone  
  23  2:26  Zergling x2  
  24  2:34  Spine Crawler  
  23  2:38  Metabolic Boost  
  23  2:45  Drone, Evolution Chamber  
  23  2:47  Drone x2  
  25  2:55  Queen  
  27  3:04  Drone  
  28  3:05  Overlord  
  28  3:12  Roach Warren  
  27  3:13  Zerg Ground Armor Level 1  
  27  3:18  Drone  
  28  3:20  Zergling x2  
  28  3:21  Zergling x2  
  30  3:51  Lair  
  30  3:59  Roach x3  
  30  4:00  Roach  
  30  4:01  Overlord  
  38  4:34  Overlord x3  
  38  5:04  Roach x3  
  38  5:05  Roach, Overlord  
  46  5:09  Spire  
  46  5:12  Drone  
  46  5:48  Hatchery  
  45  5:56  Queen  
  47  5:59  Roach x3  
  47  6:01  Glial Reconstitution  
  53  6:28  Mutalisk x3  
  59  6:38  Zerg Flyer Armor Level 1  
  59  6:47  Drone  
  59  6:48  Drone  
  61  6:56  Ravager  
  61  6:57  Ravager x2  
  64  7:08  Drone  
  65  7:17  Queen  
  67  7:22  Mutalisk  
  67  7:23  Mutalisk  
  72  7:44  Zergling x10  
  42  8:11  Zergling x2  
  42  8:12  Zergling x4  
  45  8:34  Hatchery  
Tags
 
Add a new tag
Caveats
  • Supply blocks, unpowered buildings, or Contaminate may cause inaccurate times.
  • Supply counts are checked every 10 seconds.